 Dungeon Crawl Stone Soup version 0.17-a0-755-g4391640 (webtiles) character file.

56 wvc the Skirmisher (level 3, 0/42 HPs)
             Began as an Ogre Wanderer on Apr 22, 2015.
             Succumbed to an adder's poison
             ... on level 2 of the Dungeon.
             The game lasted 00:04:11 (1933 turns).

wvc the Skirmisher (Ogre Wanderer)                  Turns: 1933, Time: 00:04:11

Health: 0/42       AC:  3    Str: 14    XL:     3   Next: 97%
Magic:  3/3        EV: 10    Int: 13    God:
Gold:   159        SH:  0    Dex: 12    Spells: 1 memorised, 1 level left

rFire  . . .     SeeInvis .     i - +0 whip
rCold  . . .     Rnd*Rage +     d - +0 robe
rNeg   . . .     SustAb   .     (no shield)
rPois  +         Gourm    .     (helmet restricted)
rElec  .         Spirit   .     (no cloak)
rCorr  .         Warding  .     (gloves unavailable)
rMut   .         Stasis   .     (boots unavailable)
MR     .....                    (no amulet)
Stlth  +.........               (no ring)
                                n - +3 ring of dexterity

@: lethally poisoned (0 -> -2), not resistant to hostile enchantments, very
unstealthy
A: unfitting armour, berserk 1, clumsy 1, poison resistance, tough skin 1
a: no special abilities


You were on level 2 of the Dungeon.
You were hungry.

You visited 1 branch of the dungeon, and saw 2 of its levels.

You collected 159 gold pieces.

Inventory:

Hand weapons
 i - a +0 whip (weapon)
Armour
 d - a +0 robe (worn)
Jewellery
 n - a +3 ring of dexterity (left hand)
Scrolls
 g - a scroll of teleportation
 o - a scroll of recharging
Potions
 l - a potion of restore abilities
Books
 a - a book of Battle

   Spells                             Type                      Level
   a - Infusion                       Charms                       1
   b - Shroud of Golubria             Charms/Translocation         2
   c - Song of Slaying                Charms                       2
   d - Spectral Weapon                Hexes/Charms                 3
   e - Regeneration                   Charms/Necromancy            3
 b - Iskenderun's Grimoire of Conjuration

   Spells                             Type                      Level
   a - Magic Dart                     Conjuration                  1
   b - Throw Frost                    Conjuration/Ice              2
 c - the Handbook of Floating Combat Magic

   Spells                             Type                      Level
   a - Shock                          Conjuration/Air              1
   b - Static Discharge               Conjuration/Air              3
Comestibles
 f - 4 bread rations
 h - 2 meat rations
 j - a slice of pizza
 m - 5 chunks of flesh


   Skills:
 - Level 5.3 Fighting
 * Level 3.9 Maces & Flails
 - Level 1.7 Dodging
 - Level 1.0 Stealth
   Level 1.0 Shields
 + Level 1.3 Charms
   Level 1.0 Air Magic


You had one spell level left.
You knew the following spells:

 Your Spells              Type           Power        Failure   Level  Hunger
a - Infusion              Chrm           #.....       21%         1    ##.....


Dungeon Overview and Level Annotations

Branches:
Dungeon (2/15)

Altars:
Ashenzari


Innate Abilities, Weirdness & Mutations

You are too large for most types of armour.
You have tough skin (AC +1).
You tend to lose your temper in combat.
You are clumsy. (Dex -2)
Your system is resistant to poisons.


Message History

Drink which item? (? for menu, Esc to quit)
Okay, then.
There is a lethal amount of poison in your body!
* * * LOW HITPOINT WARNING * * *
You feel sick.
* * * LOW HITPOINT WARNING * * *
You feel sick.
* * * LOW HITPOINT WARNING * * *
You feel sick.
* * * LOW HITPOINT WARNING * * *
You feel sick.
* * * LOW HITPOINT WARNING * * *
You feel sick.
* * * LOW HITPOINT WARNING * * *
You feel sick.
* * * LOW HITPOINT WARNING * * *
You feel sick.
* * * LOW HITPOINT WARNING * * *
You feel sick.
You die...

#†##.# #.# #.# #######.##.# #.#
#.# #.......##.# #.# #.#
#.......##.# #.# #.#
####.......##.# #.# #.#
...........##.# #.# #.#
.###......###.# #.# #.#
..............######.##########.#
..#.............@................
..#.#......................[....#
......##############.#####.######
#.#.### #.# #....# #.#...
#.#####....# ..#.### #.....#....#
.##.# # #.....#...#### .##.# #.
#............#
.##.#.<#.###########......#.#.#..


There were no monsters in sight!

Vanquished Creatures
  An adder (D:2)
  An adder zombie (D:1)
  A worm (D:2)
  A giant gecko (D:1)
  3 giant cockroaches
  3 goblins
  3 hobgoblins
  7 jackals (D:1)
  5 bats
  A giant newt (D:1)
  A jackal zombie (D:1)
  6 kobolds
  2 quokkas (D:2)
  3 rats
38 creatures vanquished.

Notes
Turn   | Place    | Note
--------------------------------------------------------------
     0 | D:1      | wvc, the Ogre Wanderer, began the quest for the Orb.
     0 | D:1      | wvc set off with: a book of Battle, Iskenderun's Grimoire of Conjuration, the Handbook of Floating Combat Magic, a +0 robe, a +0 club, a bread ration
     0 | D:1      | Reached XP level 1. HP: 27/27 MP: 1/1
     0 | D:1      | Identified Iskenderun's Grimoire of Conjuration
     0 | D:1      | Identified the Handbook of Floating Combat Magic
    30 | D:1      | Reached skill level 1 in Maces & Flails
   287 | D:1      | HP: 1/27 [jackal (2)]
   609 | D:1      | Reached XP level 2. HP: 33/35 MP: 2/2
  1087 | D:1      | Reached XP level 3. HP: 24/42 MP: 3/3
  1204 | D:1      | Learned a level 1 spell: Infusion
  1356 | D:2      | Found a shattered altar of Ashenzari.
  1912 | D:2      | Gained mutation: You are clumsy. (Dex -2) [potion of mutation]
  1912 | D:2      | Gained mutation: Your system is resistant to poisons. [potion of mutation]
  1912 | D:2      | Gained mutation: You tend to lose your temper in combat. [potion of mutation]
  1925 | D:2      | HP: 2/42 [poisoned by an adder]
  1930 | D:2      | HP: 1/42 [poisoned by an adder]
  1933 | D:2      | Succumbed to an adder's poison

Action                   || total
-------------------------++-------
Melee: Club              ||   161
       Whip              ||    67
Throw: Stone             ||     3
  Use: Scroll            ||     8
       Potion            ||     1
  Eat: Chunk             ||     3
